 Dungeon Crawl Stone Soup version 0.31-a0-1611-g890cdf5628 (webtiles) character file.

Game seed: 2604669278693976479

30 innerfire43 the Gusty (level 3, -2/24 HPs)
             Began as a Demonspawn Wanderer on Jan 8, 2024.
             Slain by Crazy Yiuf
             ... wielding a +4 quarterstaff of chaos
              (11 damage)
             ... on level 2 of the Dungeon.
             The game lasted 00:04:02 (1773 turns).

innerfire43 the Gusty (Demonspawn Wanderer)         Turns: 1773, Time: 00:04:02

Health: -2/24      AC:  3    Str: 13    XL:     3   Next: 5%
Magic:  0/5        EV: 11    Int: 16    God:
Gold:   123        SH:  0    Dex:  9    Spells: 4/5 levels left

rFire   . . .        a - +0 club
rCold   . . .        (no shield)
rNeg    . . .        i - +0 leather armour
rPois   .            (no helmet)
rElec   .            (no cloak)
rCorr   .            (no gloves)
SInv    .            (no boots)
Will    +....        (no amulet)
Stlth   +            g - ring of willpower
HPRegen 0.24/turn    (no ring)
MPRegen 0.09/turn

%: no passive effects
@: slowed, very slow
A: claws 1, hooves 1
a: no special abilities


You were on level 2 of the Dungeon.
You visited 1 branch of the dungeon, and saw 2 of its levels.

You collected 123 gold pieces.

Inventory:

Hand Weapons
 a - a +0 club (weapon)
Missiles
 j - a throwing net
Armour
 c - a +0 scale mail
 i - a +0 leather armour (worn)
 k - a +0 cloak
Jewellery
 g - a ring of willpower (left claw)
Scrolls
 b - a scroll of fear
 e - a scroll of fog {unknown}
Potions
 f - a potion of attraction {unknown}
 h - a potion of invisibility {unknown}


   Skills:
 + Level 1.5 Armour
 + Level 1.5 Spellcasting
 - Level 2.0 Hexes
 + Level 4.7 Air Magic
 + Level 1.6 Evocations


You had 4 spell levels left.
You knew the following spells:

 Your Spells              Type           Power      Damage    Failure   Level
a - Shock                 Conj/Air       32%        1d5       11%         1

Your spell library contained the following spells:

 Spells                   Type           Power      Damage    Failure   Level
 Mercury Vapours          Alch/Air       16%        N/A       16%         2
 Jinxbite                 Hex            14%        N/A       19%         2
 Cigotuvi's Dreadful Rot  Necr/Alch/Air  12%        N/A       22%         2
 Ensorcelled Hibernation  Hex/Ice        8%         N/A       28%         2
 Scorch                   Fire           2%         2d5       38%         2
 Volatile Blastmotes      Fire/Tloc      2%         2d10      63%         3
 Flame Wave               Conj/Fire      1%         2d4       95%         4
 Fulminant Prism          Conj/Alch      0%         3d5       95%         4
 Iskenderun's Mystic Bla  Conj/Tloc      1%         2d3       95%         4
 Summon Cactus Giant      Summ           0%         N/A       100%        6


Dungeon Overview and Level Annotations

Branches:
Dungeon (2/15)

Altars:

Annotations:
D:2 Crazy Yiuf


Innate Abilities, Weirdness & Mutations

You have sharp fingernails.
You have large cloven feet.


Message History

The zap hits the endoplasm.
The endoplasm is lightly wounded.
The zap hits the endoplasm.
The endoplasm is heavily wounded.
The zap hits the endoplasm.
The endoplasm is almost dead.
The zap hits the endoplasm.
You kill the endoplasm!
You can't see any susceptible monsters within range! (Use Z to cast anyway.)
Found a short sword.
You see here a +0 short sword.
Found a hammer.
Found a runed translucent door.
Crazy Yiuf shouts!
Crazy Yiuf yells, "Island seventy testudinal!"
You see here a +0 short sword.
You see here a ball python skeleton.
Crazy Yiuf shouts!
Crazy Yiuf cries, "Line head sing!"
You open the door. You hit Crazy Yiuf but do no damage.
Crazy Yiuf closely misses you.
You hit Crazy Yiuf. Your kick misses Crazy Yiuf.
Crazy Yiuf is lightly wounded.
Crazy Yiuf misses you.
Crazy Yiuf hits you with a +4 quarterstaff of chaos!
You feel yourself slow down.
You completely miss Crazy Yiuf.
Crazy Yiuf is lightly wounded.
Crazy Yiuf says, "Millenium seventy blue!"
Crazy Yiuf misses you.
Crazy Yiuf hits you with a +4 quarterstaff of chaos!
You feel your power leaking away.
You don't have enough magic to cast this spell.
Unknown command.
You don't have enough magic to cast this spell.
You hit Crazy Yiuf but do no damage.
Crazy Yiuf is lightly wounded.
Crazy Yiuf barely misses you.
Crazy Yiuf cries, "Nubble leg seventy!"
Crazy Yiuf hits you with a +4 quarterstaff of chaos!
You die...

#..## #.^..#
#.## #....#
#.# #....#
#####.#
##...#
#####.....#
##.##
......#####
##.# ....###
#.## ....#
##.# ....#
#@## ....#
#g# ....#
...
....######
#...#
..)......#
#)..#
....####.#
##### ....#
#.# ###
##### #.#
##########.#
## ## #.##
#..........#


You could see Crazy Yiuf.

Vanquished Creatures
  A ribbon worm (D:2)
  4 bats
  4 endoplasms (D:2)
  2 giant cockroaches
  2 goblins (D:1)
  2 hobgoblins (D:1)
  2 kobolds
  3 ball pythons
  6 frilled lizards
  2 rats
28 creatures vanquished.

Notes
Turn   | Place    | Note
-------+----------+-------------------------------------------
     0 | D:1      | innerfire43 the Demonspawn Wanderer began the quest for the
                  | Orb.
     0 | D:1      | innerfire43 set off with the following items: a +0 club, a
                  | scroll of fear, a +0 scale mail; and the following spell
                  | memorised: Shock; and the following spells available to
                  | memorise: Mercury Vapours, Jinxbite, Cigotuvi's Dreadful
                  | Rot, Ensorcelled Hibernation.
     0 | D:1      | Reached XP level 1. HP: 13/13 MP: 2/2
   441 | D:1      | Discovered your monstrous ancestry.
   441 | D:1      | Gained mutation: You have sharp fingernails. [demonic
                  | ancestry]
   441 | D:1      | Reached XP level 2. HP: 19/19 MP: 0/3
  1202 | D:2      | Found a faded altar of an unknown god.
  1461 | D:2      | Gained mutation: You have large cloven feet. [demonic
                  | ancestry]
  1461 | D:2      | Reached XP level 3. HP: 11/24 MP: 5/5
  1609 | D:2      | Found a runed translucent door.
  1610 | D:2      | Noticed Crazy Yiuf
  1773 | D:2      | Slain by Crazy Yiuf

Illustrated notes

Levels and vault maps discovered:
D:1:      sevenhm_arrival_forest_fort_large_4, layout_basic,
          chequers_serial_rivers_small_3
D:2:      layout_rooms, shapermc_ecumenical_altar_gd, uniq_crazy_yiuf_cottage

Action                     || total
---------------------------++-------
  Melee: Club              ||   131
         Punch             ||     2
   Cast: Shock             ||    35
    Use: Potion            ||     3
 Armour: Scale mail        ||   118
         Leather armour    ||    27
  Dodge: Dodged            ||    72

Table legend: (Time is in decaauts)
 A = Elapsed time spent in this place.
 B = Non-inter-level travel time spent in this place.
 C = Inter-level travel time spent in this place.
 D = Time resting spent in this place.
 E = Time spent auto-exploring this place.
 F = Levels seen in this place.
 G = Mean time per level.
                   A        B        C        D        E       F      G
               +--------+--------+--------+--------+--------+-----+--------+
         Total |   1815 |   1804 |     11 |      0 |   1392 |   2 |  907.5 |
       Dungeon |   1815 |   1804 |     11 |      0 |   1392 |   2 |  907.5 |
               +--------+--------+--------+--------+--------+-----+--------+

Top non-repeatable levels by time:
     D:2: 1057 daAuts
     D:1: 757 daAuts
